| TOP OF THE 1ST |
|
Chester Pirates batting - Pitching for Columbus Reds : RHP Hugo Pirir
|
|
Pitching: RHP Hugo Pirir
|
|
|
Batting: LHB Chad Cutler
|
0-0: Foul Ball, location: 2F 0-1: Ball 1-1: Ball 2-1: Foul Ball, location: 2F 2-2: Strikes out swinging
|
|
Batting: RHB Ricky Alvarado
|
0-0: Called Strike 0-1: Ball 1-1: Ground out 5-3 (Groundball, 56, EV 105.0 MPH)
|
|
Batting: RHB Jon Solis
|
0-0: Called Strike 0-1: Fly out, F9 (Flyball, 89M, EV 88.8 MPH)
|
| Top of the 1st over - 0 runs, 0 hits, 0 errors, 0 left on base; Chester 0 - Columbus 0 |
| BOTTOM OF THE 1ST |
|
Columbus Reds batting - Pitching for Chester Pirates : RHP Justin Rousell
|
|
Pitching: RHP Justin Rousell
|
|
|
Batting: RHB Alex de Leon
|
0-0: Ball 1-0: Foul Ball, location: 2F 1-1: Foul Ball, location: 2F 1-2: Ball 2-2: Ball 3-2: Base on Balls
|
|
Batting: RHB Ernie Maldonado
|
0-0: Ball 1-0: Called Strike 1-1: Foul Ball, location: 2F 1-2: Foul Ball, location: 2F 1-2: Ball 2-2: Fly out, F7 (Flyball, 7D, EV 103.1 MPH)
|
|
Batting: LHB Matthew Berry
|
0-0: Foul Ball, location: 2F 0-1: Called Strike Alex de Leon steals 2nd base (no throw) 0-2: Ball 1-2: Ball 2-2: Foul Ball, location: 2F 2-2: Ball 3-2: Foul Ball, location: 2F 3-2: SINGLE (Line Drive, 89S, EV 101.9 MPH) Alex de Leon to third Runner from 3rd tries for Home, SAFE, throw by RF to home
|
|
Batting: LHB Jamie Spangenberg
|
0-0: Called Strike 0-1: Ball 1-1: Foul Ball, location: 2F 1-2: Fly out, F7 (Line Drive, 7D, EV 98.1 MPH)
|
|
Batting: RHB Alex Villagomez
|
0-0: Called Strike 0-1: Foul Ball, location: 2F 0-2: Foul Ball, location: 2F 0-2: Ball 1-2: Foul Ball, location: 2F 1-2: Ball 2-2: Strikes out looking
|
| Bottom of the 1st over - 1 run, 1 hit, 0 errors, 1 left on base; Chester 0 - Columbus 1 |
| TOP OF THE 2ND |
|
Chester Pirates batting - Pitching for Columbus Reds : RHP Hugo Pirir
|
|
Batting: RHB Hector Barajas
|
0-0: Ball 1-0: Ball 2-0: Ground out 6-3 (Groundball, 6, EV 83.1 MPH)
|
|
Batting: RHB Dan Kurtz
|
0-0: Fly out, F9 (Flyball, 9LS, EV 94.4 MPH)
|
|
Batting: LHB Kazuyoshi Ikeda
|
0-0: Called Strike 0-1: Ball 1-1: Called Strike 1-2: SINGLE (Line Drive, 34D, EV 99.4 MPH)
|
|
Batting: RHB Rafael Galicia
|
0-0: Ball Kazuyoshi Ikeda is caught stealing 2nd base 2-4
|
| Top of the 2nd over - 0 runs, 1 hit, 0 errors, 0 left on base; Chester 0 - Columbus 1 |
| BOTTOM OF THE 2ND |
|
Columbus Reds batting - Pitching for Chester Pirates : RHP Justin Rousell
|
|
Batting: SHB Cesar Pelayo
|
0-0: Called Strike 0-1: Ball 1-1: Foul Ball, location: 2F 1-2: Ball 2-2: Foul Ball, location: 2F 2-2: Foul Ball, location: 2F 2-2: Ball 3-2: Foul Ball, location: 2F 3-2: Ground out 6-3 (Groundball, 6, EV 84.4 MPH)
|
|
Batting: RHB Ed Santibanez
|
0-0: Ball 1-0: Ball 2-0: SINGLE (Groundball, 6MD, EV 109.4 MPH)
|
|
Batting: LHB Jose Cruz
|
0-0: Fielders Choice at 2nd, 6-4 (Groundball, 6M, EV 109.4 MPH)
|
|
Batting: LHB Mike Becerra
|
0-0: Called Strike 0-1: Swinging Strike 0-2: Fielders Choice at 2nd, 6-4 (Groundball, 6, EV 81.9 MPH)
|
| Bottom of the 2nd over - 0 runs, 1 hit, 0 errors, 1 left on base; Chester 0 - Columbus 1 |
| TOP OF THE 3RD |
|
Chester Pirates batting - Pitching for Columbus Reds : RHP Hugo Pirir
|
|
Batting: RHB Rafael Galicia
|
0-0: Ball 1-0: SINGLE (Groundball, 34D, EV 106.2 MPH)
|
|
Batting: LHB Damien Cohen
|
0-0: Called Strike 0-1: Called Strike 0-2: Ball 1-2: Strikes out swinging
|
|
Batting: RHB Matt Derrien
|
0-0: Foul Ball, location: 2F 0-1: Foul Ball, location: 2F 0-2: Strikes out swinging
|
|
Batting: LHB Chad Cutler
|
0-0: Ball 1-0: Fly out, F8 (Flyball, 8LD, EV 105.0 MPH)
|
| Top of the 3rd over - 0 runs, 1 hit, 0 errors, 1 left on base; Chester 0 - Columbus 1 |
| BOTTOM OF THE 3RD |
|
Columbus Reds batting - Pitching for Chester Pirates : RHP Justin Rousell
|
|
Batting: RHB Alex de Leon
|
0-0: Ball 1-0: Called Strike 1-1: Foul Ball, location: 2F 1-2: Ball 2-2: Ball 3-2: Base on Balls
|
|
Batting: RHB Ernie Maldonado
|
0-0: Ball 1-0: Swinging Strike 1-1: Called Strike 1-2: Fielders Choice at 2nd, 4-6 (Groundball, 34, EV 83.1 MPH)
|
|
Batting: LHB Matthew Berry
|
0-0: Foul Ball, location: 2F 0-1: Ball 1-1: Fly out, F7 (Flyball, 78M, EV 82.5 MPH)
|
|
Batting: LHB Jamie Spangenberg
|
0-0: Ball 1-0: Swinging Strike 1-1: Swinging Strike 1-2: Ball 2-2: Strikes out swinging
|
| Bottom of the 3rd over - 0 runs, 0 hits, 0 errors, 1 left on base; Chester 0 - Columbus 1 |
| TOP OF THE 4TH |
|
Chester Pirates batting - Pitching for Columbus Reds : RHP Hugo Pirir
|
|
Batting: RHB Ricky Alvarado
|
0-0: Called Strike 0-1: Called Strike 0-2: Strikes out swinging
|
|
Batting: RHB Jon Solis
|
0-0: Called Strike 0-1: Ball 1-1: Ball 2-1: Called Strike 2-2: Strikes out looking
|
|
Batting: RHB Hector Barajas
|
0-0: Called Strike 0-1: Swinging Strike 0-2: Ball 1-2: Ball 2-2: Foul Ball, location: 2F 2-2: Ball 3-2: Foul Ball, location: 2F 3-2: Strikes out looking
|
| Top of the 4th over - 0 runs, 0 hits, 0 errors, 0 left on base; Chester 0 - Columbus 1 |
| BOTTOM OF THE 4TH |
|
Columbus Reds batting - Pitching for Chester Pirates : RHP Justin Rousell
|
|
Batting: RHB Alex Villagomez
|
0-0: Swinging Strike 0-1: SINGLE (Line Drive, 4D, EV 93.8 MPH)
|
|
Batting: SHB Cesar Pelayo
|
0-0: Ball 1-0: Ball 2-0: Fly out, F9 (Flyball, 89M, EV 90.0 MPH)
|
|
Batting: RHB Ed Santibanez
|
0-0: Ball 1-0: Ball 2-0: Grounds into double play, 2-6-3 (Groundball, 2R, EV 69.4 MPH)
|
| Bottom of the 4th over - 0 runs, 1 hit, 0 errors, 0 left on base; Chester 0 - Columbus 1 |
| TOP OF THE 5TH |
|
Chester Pirates batting - Pitching for Columbus Reds : RHP Hugo Pirir
|
|
Batting: RHB Dan Kurtz
|
0-0: Called Strike 0-1: Fly out, F9 (Flyball, 89S, EV 85.0 MPH)
|
|
Batting: LHB Kazuyoshi Ikeda
|
0-0: Ball 1-0: Called Strike 1-1: Ball 2-1: Ball 3-1: Base on Balls
|
|
Batting: RHB Rafael Galicia
|
0-0: Foul Ball, location: 2F 0-1: Ball 1-1: Ball 2-1: Called Strike 2-2: Foul Ball, location: 2F 2-2: Strikes out swinging
|
|
Batting: LHB Damien Cohen
|
0-0: Ball 1-0: Called Strike 1-1: Foul Ball, location: 2F 1-2: Strikes out swinging
|
| Top of the 5th over - 0 runs, 0 hits, 0 errors, 1 left on base; Chester 0 - Columbus 1 |
| BOTTOM OF THE 5TH |
|
Columbus Reds batting - Pitching for Chester Pirates : RHP Justin Rousell
|
|
Batting: LHB Jose Cruz
|
0-0: Swinging Strike 0-1: Called Strike 0-2: Foul Ball, location: 2F 0-2: Ball 1-2: Foul Ball, location: 2F 1-2: Foul Ball, location: 2F 1-2: Ball 2-2: Strikes out swinging
|
|
Batting: LHB Mike Becerra
|
0-0: Fly out, F7 (Flyball, 7LS, EV 70.0 MPH)
|
|
Batting: RHB Alex de Leon
|
0-0: Foul Ball, location: 2F 0-1: Ball 1-1: Fly out, F9 (Flyball, 9, EV 89.4 MPH)
|
| Bottom of the 5th over - 0 runs, 0 hits, 0 errors, 0 left on base; Chester 0 - Columbus 1 |
| TOP OF THE 6TH |
|
Chester Pirates batting - Pitching for Columbus Reds : RHP Hugo Pirir
|
|
Batting: RHB Matt Derrien
|
0-0: Ball 1-0: Fly out, F5 (Popup, 56, EV 70.0 MPH)
|
|
Batting: LHB Chad Cutler
|
0-0: Ball 1-0: Foul Ball, location: 2F 1-1: SINGLE (Line Drive, 78S, EV 90.0 MPH)
|
|
Batting: RHB Ricky Alvarado
|
0-0: Called Strike Chad Cutler steals 2nd base 0-1: Ball 1-1: Foul Ball, location: 2F 1-2: Ball 2-2: Ground out 1-3 (Groundball, 13S, EV 68.1 MPH) Chad Cutler to third
|
|
Batting: RHB Jon Solis
|
0-0: Called Strike 0-1: Called Strike 0-2: 2-RUN HOME RUN (Flyball, 7LD, EV 96.2 MPH), Distance : 348 ft
|
|
Batting: RHB Hector Barajas
|
0-0: Foul Ball, location: 2F 0-1: Foul Ball, location: 2F 0-2: Ball 1-2: Strikes out swinging
|
| Top of the 6th over - 2 runs, 2 hits, 0 errors, 0 left on base; Chester 2 - Columbus 1 |
| BOTTOM OF THE 6TH |
|
Columbus Reds batting - Pitching for Chester Pirates : RHP Justin Rousell
|
|
Batting: RHB Ernie Maldonado
|
0-0: Fly out, F2 (Popup, 23F, EV 91.9 MPH)
|
|
Batting: LHB Matthew Berry
|
0-0: Swinging Strike 0-1: Foul Ball, location: 2F 0-2: Foul Ball, location: 2F 0-2: Ground out 3-1 (Groundball, 34, EV 101.2 MPH)
|
|
Batting: LHB Jamie Spangenberg
|
0-0: Ball 1-0: Called Strike 1-1: Fly out, F7 (Flyball, 7D, EV 90.0 MPH)
|
| Bottom of the 6th over - 0 runs, 0 hits, 0 errors, 0 left on base; Chester 2 - Columbus 1 |
| TOP OF THE 7TH |
|
Chester Pirates batting - Pitching for Columbus Reds : RHP Hugo Pirir
|
|
Batting: RHB Dan Kurtz
|
0-0: Ball 1-0: Called Strike 1-1: Swinging Strike 1-2: SINGLE (Line Drive, 9S, EV 111.9 MPH)
|
|
Batting: LHB Kazuyoshi Ikeda
|
0-0: Bunted foul 0-1: Sac Bunt to P - play at first, batter OUT! 1-3 Dan Kurtz to second
|
|
Batting: RHB Rafael Galicia
|
0-0: Intentional Walk
|
|
Batting: LHB Damien Cohen
|
0-0: Ball 1-0: Called Strike 1-1: Fly out, F8 (Flyball, 8RS, EV 80.0 MPH)
|
|
Batting: RHB Matt Derrien
|
0-0: Fly out, F4 (Popup, 34S, EV 81.9 MPH)
|
| Top of the 7th over - 0 runs, 1 hit, 0 errors, 2 left on base; Chester 2 - Columbus 1 |
| BOTTOM OF THE 7TH |
|
Columbus Reds batting - Pitching for Chester Pirates : RHP Justin Rousell
|
|
Batting: RHB Alex Villagomez
|
0-0: Ball 1-0: Ball 2-0: Ball 3-0: Base on Balls
|
|
Batting: SHB Cesar Pelayo
|
0-0: Foul Ball, location: 2F 0-1: Called Strike 0-2: Foul Ball, location: 2F 0-2: Foul Ball, location: 2F 0-2: Strikes out swinging
|
|
Batting: RHB Ed Santibanez
|
0-0: Called Strike 0-1: Ball 1-1: Fly out, F7 (Flyball, 7LDF, EV 110.0 MPH)
|
|
Pitching: LHP Angel Juarez
|
|
|
Pinch Hitting: RHB Ben Burkholder
|
0-0: Called Strike 0-1: Called Strike 0-2: SINGLE (Groundball, 6MD, EV 101.2 MPH) Alex Villagomez to second
|
|
Pinch Hitting: RHB Jay Harrison
|
0-0: Ground out 5-3 (Groundball, 56S, EV 85.0 MPH)
|
| Bottom of the 7th over - 0 runs, 1 hit, 0 errors, 2 left on base; Chester 2 - Columbus 1 |
| TOP OF THE 8TH |
|
Chester Pirates batting - Pitching for Columbus Reds : RHP Hugo Pirir
|
|
Now in CF: Ben Burkholder
|
|
|
Now in RF: Jay Harrison
|
|
|
Batting: LHB Chad Cutler
|
0-0: Called Strike 0-1: Ball 1-1: Swinging Strike 1-2: Fly out, F8 (Flyball, 8LD, EV 102.5 MPH)
|
|
Batting: RHB Ricky Alvarado
|
0-0: Called Strike 0-1: Ball 1-1: Ground out 3-1 (Groundball, 13, EV 86.2 MPH)
|
|
Batting: RHB Jon Solis
|
0-0: Ball 1-0: Called Strike 1-1: Ball 2-1: Called Strike 2-2: Ball 3-2: SINGLE (Line Drive, 7S, EV 110.6 MPH)
|
|
Batting: RHB Hector Barajas
|
0-0: Called Strike 0-1: Foul Ball, location: 2F 0-2: Ball 1-2: Strikes out swinging
|
| Top of the 8th over - 0 runs, 1 hit, 0 errors, 1 left on base; Chester 2 - Columbus 1 |
| BOTTOM OF THE 8TH |
|
Columbus Reds batting - Pitching for Chester Pirates : LHP Angel Juarez
|
|
Batting: RHB Alex de Leon
|
0-0: Called Strike 0-1: Foul Ball, location: 2F 0-2: Ball 1-2: Foul Ball, location: 2F 1-2: Ball 2-2: Ball 3-2: Fly out, F8 (Flyball, 78D, EV 94.4 MPH)
|
|
Batting: RHB Ernie Maldonado
|
0-0: Called Strike 0-1: Called Strike 0-2: Fly out, F7 (Flyball, 7D, EV 95.6 MPH)
|
|
Batting: LHB Matthew Berry
|
0-0: Foul Ball, location: 2F 0-1: Foul Ball, location: 2F 0-2: Ball 1-2: Ground out U3 (Groundball, 3, EV 80.0 MPH)
|
| Bottom of the 8th over - 0 runs, 0 hits, 0 errors, 0 left on base; Chester 2 - Columbus 1 |
| TOP OF THE 9TH |
|
Chester Pirates batting - Pitching for Columbus Reds : RHP Hugo Pirir
|
|
Batting: RHB Dan Kurtz
|
0-0: Foul Ball, location: 2F 0-1: Ball 1-1: Ball 2-1: Foul Ball, location: 2F 2-2: Foul Ball, location: 2F 2-2: Ball 3-2: Ground out 5-3 (Groundball, 56, EV 83.1 MPH)
|
|
Batting: LHB Kazuyoshi Ikeda
|
0-0: Called Strike 0-1: Ball 1-1: Swinging Strike 1-2: Ball 2-2: Ball 3-2: Base on Balls
|
|
Batting: RHB Rafael Galicia
|
0-0: Called Strike 0-1: Foul Ball, location: 2F 0-2: SINGLE (Line Drive, 9S, EV 92.5 MPH) Kazuyoshi Ikeda to second Runner from 2nd tries for 3rd, SAFE, no throw by RF
|
|
Batting: LHB Damien Cohen
|
0-0: Ball 1-0: Called Strike 1-1: Called Strike 1-2: Foul Ball, location: 2F 1-2: Fly out, F9 (Flyball, 9, EV 96.9 MPH) Runner from 3rd tags up, OUT at HOME! 9-2
|
| Top of the 9th over - 0 runs, 1 hit, 0 errors, 1 left on base; Chester 2 - Columbus 1 |
| BOTTOM OF THE 9TH |
|
Columbus Reds batting - Pitching for Chester Pirates : LHP Angel Juarez
|
|
Pitching: RHP Pete Griesser
|
|
|
Batting: LHB Jamie Spangenberg
|
0-0: Called Strike 0-1: Called Strike 0-2: Strikes out swinging
|
|
Batting: RHB Alex Villagomez
|
0-0: Ground out 6-3 (Groundball, 6, EV 88.1 MPH)
|
|
Batting: SHB Cesar Pelayo
|
0-0: Ball 1-0: Ball 2-0: Called Strike 2-1: Foul Ball, location: 2F 2-2: Ball 3-2: Foul Ball, location: 2F 3-2: Fly out, F7 (Flyball, 7, EV 90.0 MPH)
|
| Bottom of the 9th over - 0 runs, 0 hits, 0 errors, 0 left on base; Chester 2 - Columbus 1 |
|